 Dungeon Crawl Stone Soup version 0.26-a0-540-g8a0c9464d7 (webtiles) character file.

Game seed: 18308445163729656528

12727 vurker the Severer (level 11, -2/104 HPs)
             Began as a Minotaur Monk on Aug 18, 2020.
             Was a High Priest of Fedhas.
             Slain by a cane toad (15 damage)
             ... on level 8 of the Dungeon.
             The game lasted 00:16:50 (13531 turns).

vurker the Severer (Minotaur Monk)                 Turns: 13531, Time: 00:16:50

Health: -2/104     AC: 11    Str: 20    XL:     11   Next: 66%
Magic:  14/16      EV:  6    Int:  7    God:    Fedhas [*****.]
Gold:   473        SH:  5    Dex: 12    Spells: 10/10 levels left

rFire    + + +     SeeInvis +   a - +2 broad axe (drain)
rCold    . . .     Faith    .   g - +0 buckler
rNeg     . . .     Spirit   .   i - +0 plate armour
rPois    .         Reflect  .   (helmet restricted)
rElec    .         Harm     .   v - scarf {rC+ rF+}
rCorr    .                      (no gloves)
MR       +++..                  c - +0 pair of boots
Stlth    ..........             j - amulet of the acrobat
HPRegen  0.27/turn              B - ring of the Cockroach {rF+++ rC- MR+++ SInv Stlth-}
MPRegen  0.15/turn              (no ring)

@: no status effects
A: retaliatory headbutt, horns 2
a: Wall of Briars, Grow Ballistomycete, Overgrow, Grow Oklob, Renounce Religion


You were on level 8 of the Dungeon.
You worshipped Fedhas.
Fedhas was extremely pleased with you.
You visited 3 branches of the dungeon, and saw 14 of its levels.

You collected 872 gold pieces.
You spent 399 gold pieces at shops.

Inventory:

Hand Weapons
 a - a +2 broad axe of draining (weapon)
   (You bought it in a shop on level 6 of the Dungeon)
 b - a +5 demon trident
   (You took it off Urug on level 10 of the Dungeon)
 z - a +0 broad axe
   (You found it on level 9 of the Dungeon)
Armour
 c - a +0 pair of boots (worn)
   (You found it on level 1 of the Dungeon)
 g - a +0 buckler (worn)
   (You found it on level 5 of the Dungeon)
 i - a +0 plate armour (worn)
   (You found it on level 1 of the Dungeon)
 v - a scarf of resistance (worn)
   (You found it on level 6 of the Dungeon)
Jewellery
 j - an amulet of the acrobat (around neck)
   (You found it on level 2 of the Dungeon)
 B - the ring of the Cockroach (left hand) {rF+++ rC- MR+++ SInv Stlth-}
   (You bought it in a shop on level 10 of the Dungeon)

   [ring of see invisible]

   It renders you almost immune to fire.
   It makes you vulnerable to cold.
   It affects your resistance to hostile enchantments.
   It lets you see invisible.
   It makes you less stealthy.
Wands
 d - a wand of iceblast (7)
   (You took it off Ijyb on level 5 of the Dungeon)
 t - a wand of flame (26)
   (You found it on level 2 of the Dungeon)
 u - a wand of paralysis (8)
   (You found it on level 9 of the Dungeon)
 x - a wand of acid (17)
   (You found it on level 5 of the Dungeon)
Scrolls
 e - a scroll of enchant weapon
 f - 6 scrolls of remove curse
 h - 9 scrolls of teleportation
 q - 3 scrolls of fog
 r - a scroll of immolation
 s - a scroll of blinking
 w - 5 scrolls of identify
 y - a scroll of fear
 A - a scroll of enchant armour
Potions
 k - a potion of berserk rage
 l - 4 potions of might
 m - 3 potions of curing
 n - 2 potions of heal wounds
 o - 3 potions of flight
 p - 2 potions of haste
 C - 2 potions of mutation


   Skills:
 + Level 11.8 Fighting
 * Level 15.6 Axes
 - Level 3.2 Dodging
 - Level 1.5 Stealth
 - Level 4.0 Shields
 + Level 8.3 Invocations


You had 10 spell levels left.
You didn't know any spells.
Your spell library contained the following spells:

 Spells                   Type           Power        Failure   Level
 Animate Skeleton         Necr           #.....       100%        1
 Apportation              Tloc           #.....       100%        1
 Beastly Appendage        Tmut           #.....       100%        1
 Corona                   Hex            #......      100%        1
 Pain                     Necr           #...         100%        1
 Sandblast                Erth           #.....       100%        1
 Summon Small Mammal      Summ           #...         100%        1
 Passwall                 Tmut/Erth      #.......     100%        2
 Wereblood                Tmut           #.......     100%        2
 Spider Form              Tmut/Pois      #.........   100%        3
 Stone Arrow              Conj/Erth      #.....       100%        3
 Vampiric Draining        Necr           #.........   100%        3
 Animate Dead             Necr           #.........   100%        4
 Ice Form                 Ice/Tmut       #.......     100%        4
 Petrify                  Tmut/Erth      #.......     100%        4
 Agony                    Necr           #.......     100%        5
 Blade Hands              Tmut           #.........   100%        5
 Lee's Rapid Deconstruct  Erth           #.........   100%        5


Dungeon Overview and Level Annotations

Branches:
Dungeon (12/15)            Temple (1/1) D:7            Lair (1/6) D:8
    Orc (0/2) D:10

Altars:
Dithmenos
Fedhas
Okawaru
Ru
Yredelemnul
Zin

Shops:
D:6 (((!   D:10 (=*}:

Annotations:
D:3 3 runed translucent doors, Lanoc's ghost, amateur MfCK
D:12 1 runed translucent door, Enasy's ghost, journeyman MiBe


Innate Abilities, Weirdness & Mutations

You reflexively headbutt those who attack you in melee.
You have a pair of horns on your head.


Message History

* * * LOW HITPOINT WARNING * * *
The cane toad completely misses you. The cane toad barely misses you.
You block the cane toad's attack.
You fail to use your ability.
The cane toad stings you!
* * * LOW HITPOINT WARNING * * *
You are poisoned.
The cane toad poisons you! The cane toad completely misses you.
Unknown command.
You feel sick.
You feel sick.
A ballistomycete grows from the ground.
You feel sick. The cane toad stings you!
* * * LOW HITPOINT WARNING * * *
The cane toad barely misses you.
You feel sick.
A ballistomycete spore comes into view.
You feel sick. The cane toad misses you.
You feel sick.
You feel sick.
You feel sick. Fedhas protects your plant from harm.
The cane toad appears confused.
The explosion of spores engulfs the cane toad!!
The cane toad completely misses you.
A ballistomycete spore comes into view.
You feel sick.
You feel sick.
The cane toad appears confused.
The explosion of spores engulfs the cane toad.
You feel sick.
There is a staircase back to the Dungeon here.
You feel sick.
The cane toad stings you but does no damage.
You climb upwards.
Welcome back to the Dungeon!
You feel sick.
There is a staircase to the Lair here.
You sense an unholy aura.
a - a +2 broad axe of draining (weapon)
The cane toad stings you!
* * * LOW HITPOINT WARNING * * *
You are more poisoned.
The cane toad poisons you!
You feel much better.
* * * LOW HITPOINT WARNING * * *
You feel sick. The cane toad stings you!
* * * LOW HITPOINT WARNING * * *
You are more poisoned.
The cane toad poisons you!
You feel better. The cane toad stings you!
You die...
Fedhas appreciates your contribution to the ecosystem.

##.##
#.#.#######.##...###
#.# #...<......<###.##
#.# ##...######## #.#
#.######.....#######
#.#
#.....#.......#....#
#.#
#.#####..P....####.#
#.# ##.## #.........#
#.# #.#
##.#.###.........###.#
#.#
#.###.......@.....##.#
#.#
#..#.###....F........#
#.# #.#.##
#.........###.# #.####
#####.#.# ##....P..##
#.# #..... >.....#.#
#(.P.P..# #.# ######
####..#.# ##.....##
#.# #..#.# ####...##
#.# #..#.# #.###.##
#.# #..#.# #.# #.# #.#


You could see a cane toad.

Vanquished Creatures
  Josephine (D:10)
  Fannar (D:9)
  Pikel (D:8)
  Maurice (D:8)
  Maggie (D:8)
  A hornet (D:8)
  5 hippogriffs
  4 wraiths (D:10)
  Eustachio (D:4)
  15 yaks
  A basilisk (D:8)
  A water moccasin (D:10)
  A sky beast (D:5)
  5 orc warriors
  3 ice beasts
  A phantom (D:4)
  A black bear (D:5)
  A necrophage (D:9)
  An eye of draining (D:11)
  4 centaurs
  8 ogres
  A lemure (D:8)
  3 crocodiles
  6 bullfrogs
  A wyvern skeleton (D:9)
  5 scorpions
  5 killer bees (D:8)
  9 wights
  3 howler monkeys
  A quasit (D:10)
  8 orc wizards
  6 hounds
  4 orc priests
  3 centaur skeletons
  A jelly (D:8)
  A bullfrog skeleton (D:4)
  Ijyb (D:5)
  Terence (D:2)
  6 iguanas
  Natasha (thrice) (D:2)
  5 worker ants
  2 hound skeletons
  Robin (D:2)
  10 gnolls
  2 worker ant zombies
  22 adders
  3 shadow imps
  A white imp (D:8)
  An ooze (D:4)
  4 worms
  3 adder skeletons
  An adder zombie (D:6)
  3 dart slugs
  A leopard gecko (D:4)
  41 orcs
  A ball python (D:5)
  5 bats
  5 giant cockroaches
  17 goblins
  12 hobgoblins
  3 jackals (D:1)
  7 kobolds
  4 quokkas
  3 frilled lizards
  A leopard gecko skeleton (D:4)
  A quokka skeleton (D:6)
  6 rats
291 creatures vanquished.

Vanquished Creatures (collateral kills)
  Urug (D:10)
  2 ballistomycete spores (Lair:1)
3 creatures vanquished.

Vanquished Creatures (others)
  A phantom (D:6)
  A fungus (D:8)
2 creatures vanquished.

Grand Total: 296 creatures vanquished

Notes
Turn   | Place    | Note
-------+----------+-------------------------------------------
     0 | D:1      | vurker the Minotaur Monk began the quest for the Orb.
     0 | D:1      | Reached XP level 1. HP: 19/19 MP: 0/0
   349 | D:1      | Reached skill level 4 in Axes
   397 | D:1      | Reached XP level 2. HP: 27/27 MP: 1/1
   861 | D:2      | Noticed Natasha
   869 | D:2      | Killed Natasha
   869 | D:2      | Reached skill level 5 in Axes
   869 | D:2      | Reached XP level 3. HP: 24/33 MP: 2/2
   998 | D:2      | Noticed Terence
  1014 | D:2      | Killed Terence
  1014 | D:2      | Reached XP level 4. HP: 38/41 MP: 3/3
  1335 | D:2      | Noticed Robin
  1349 | D:2      | Killed Robin
  1545 | D:2      | Reached skill level 6 in Axes
  1613 | D:2      | Noticed Natasha
  1628 | D:2      | Killed Natasha
  1628 | D:2      | Reached skill level 5 in Fighting
  1628 | D:2      | Reached XP level 5. HP: 38/48 MP: 4/4
  1691 | D:2      | Noticed Natasha
  1700 | D:2      | Killed Natasha
  2293 | D:3      | Found a runed translucent gate.
  2293 | D:3      | Found a runed translucent gate.
  2293 | D:3      | Found a runed translucent gate.
  2441 | D:3      | Noticed Lanoc's ghost (amateur MfCK)
  2623 | D:3      | Reached skill level 7 in Axes
  2664 | D:3      | Reached XP level 6. HP: 56/56 MP: 5/5
  3390 | D:4      | Found an iron altar of Okawaru.
  3702 | D:4      | Reached skill level 8 in Axes
  3702 | D:4      | Reached XP level 7. HP: 62/63 MP: 6/6
  3843 | D:4      | Noticed Eustachio
  3873 | D:4      | Killed Eustachio
  3929 | D:4      | Found a shadowy altar of Dithmenos.
  3989 | D:4      | Found a blossoming altar of Fedhas.
  3991 | D:4      | Found a glowing silver altar of Zin.
  3998 | D:4      | Became a worshipper of Fedhas Madash
  3998 | D:4      | Reached * piety under Fedhas
  3998 | D:4      | Reached ** piety under Fedhas
  4024 | D:4      | Reached skill level 9 in Axes
  4204 | D:4      | Reached skill level 1 in Invocations
  4596 | D:4      | Reached XP level 8. HP: 64/73 MP: 8/8
  4875 | D:5      | Entered Level 5 of the Dungeon
  4894 | D:5      | Noticed Ijyb
  4917 | D:5      | Killed Ijyb
  5557 | D:5      | Reached skill level 10 in Axes
  5584 | D:5      | Reached skill level 1 in Shields
  6475 | D:6      | Reached *** piety under Fedhas
  6538 | D:6      | Got a twisted spear
  6539 | D:6      | Identified the +1 spear "Faamot" {protect, +Rage Int+3 SInv
                  | Stlth+} (You found it on level 6 of the Dungeon)
  6556 | D:6      | Reached XP level 9. HP: 69/81 MP: 10/10
  6663 | D:6      | Found Bire's Weapon Shoppe.
  6665 | D:6      | Reached skill level 11 in Axes
  6863 | D:6      | Bought a +2 broad axe of draining for 249 gold pieces
  6878 | D:6      | Found Quyx's Antique Weapon Emporium.
  6938 | D:6      | Found Kaacw's Weapon Boutique.
  7039 | D:6      | Found Alauz's Distillery.
  7469 | D:7      | Found a staircase to the Ecumenical Temple.
  8048 | Temple   | Entered the Ecumenical Temple
  8086 | D:8      | Reached skill level 12 in Axes
  8126 | D:8      | Reached **** piety under Fedhas
  8132 | D:8      | Reached skill level 5 in Invocations
  8135 | D:8      | Paralysed by a hornet for 1 turns
  8389 | D:8      | Found a sacrificial altar of Ru.
  8576 | D:8      | Reached XP level 10. HP: 54/91 MP: 13/13
  8735 | D:8      | Noticed Pikel
  8753 | D:8      | Killed Pikel
  8912 | D:8      | Noticed Maurice
  8917 | D:8      | Reached skill level 13 in Axes
  8925 | D:8      | Noticed Maggie
  8939 | D:8      | Killed Maggie
  8947 | D:8      | Killed Maurice
  8947 | D:8      | Reached skill level 10 in Fighting
  9134 | D:8      | Found a staircase to the Lair.
  9944 | D:9      | Reached skill level 14 in Axes
 10416 | D:10     | Entered Level 10 of the Dungeon
 10416 | D:10     | Noticed Fannar
 10441 | D:9      | Killed Fannar
 10576 | D:10     | Found Eprofrol's Gadget Shoppe.
 10581 | D:10     | Found Fiulonol's Book Boutique.
 10630 | D:10     | Noticed Josephine
 10639 | D:10     | Reached XP level 11. HP: 85/99 MP: 15/15
 10650 | D:10     | Killed Josephine
 10662 | D:10     | Reached ***** piety under Fedhas
 10922 | D:10     | Found Cyt Utuf's Assorted Antiques.
 10931 | D:10     | Bought a scroll labeled DIUNNU LIAM for 25 gold pieces
 10931 | D:10     | Bought a wavering steel ring for 125 gold pieces
 10931 | D:10     | Identified the ring of the Cockroach {rF+++ rC- MR+++ SInv
                  | Stlth-} (You bought it in a shop on level 10 of the
                  | Dungeon)
 11162 | D:10     | Found Wabon's Weapon Boutique.
 11163 | D:10     | Noticed Urug
 11184 | D:10     | Killed Urug
 11533 | D:10     | Found a staircase to the Orcish Mines.
 11642 | D:10     | Found Plog's Jewellery Shoppe.
 11941 | D:11     | Reached skill level 15 in Axes
 12746 | D:11     | Found a basalt altar of Yredelemnul.
 12993 | D:12     | Found a runed translucent door.
 12993 | D:12     | Noticed Enasy's ghost (journeyman MiBe)
 13063 | Lair:1   | Entered Level 1 of the Lair of Beasts
 13492 | Lair:1   | Noticed a seven-headed hydra
 13529 | D:8      | HP: 1/104 [cane toad (14)]
 13531 | D:8      | Slain by a cane toad

Illustrated notes

Levels and vault maps discovered:
D:1:      matt_arrival_grand_opening, layout_rooms
D:2:      kennysheep_six_static_rooms, layout_basic, uniq_robin, uniq_natasha,
          uniq_terence
D:3:      layout_loops_ring, gammafunk_ghost_icy, minmay_vboxes
D:4:      minmay_razor_zed, layout_basic, nicolae_overflow_hidden_temple,
          chequers_temple_overflow_statue_of_worship, lemuel_crystal_altar,
          uniq_eustachio
D:5:      layout_gridville, uniq_ijyb
D:6:      layout_cave_pools, serial_shops, shop,
          nicolae_shop_temple_entry_statues_fountains, nicolae_shop_statue_plus,
          shop_statue
D:7:      layout_loops_ring, minmay_temple_entry_slanted
D:8:      layout_loops_ring, david_lair_generic, hangedman_ru_absence,
          uniq_maurice, uniq_maggie, uniq_pikel
D:9:      layout_cave_pools, minmay_fractal_squares_5
D:10:     layout_cave_pods, orc_0_dummy, serial_shops, kennysheep_little_box,
          shop, nicolae_shop_waterfront, nicolae_shop_stone, shop, uniq_urug,
          uniq_fannar, uniq_josephine
D:11:     layout_cave_pods, basic_altar
D:12:     layout_long_grid, hellmonk_ghost_happy_afterlife, uniq_rupert
Temple:   dpeg_five_rooms_temple
Lair:1:   layout_small_grid

Skill      XL: |  1  2  3  4  5  6  7  8  9 10 11 |
---------------+----------------------------------+-----
Axes           | 4 5 6 7 8 9 10 12 14 15 | 15.6
Fighting       | 4 5 6 7 8 9 10 11 | 11.8
Invocations    | 1 3 5 7 8 |  8.3
Shields        | 3 4 |  4.0
Dodging        | |  3.2
Stealth        | |  1.5

Action                   |  1- 3 |  4- 6 |  7- 9 | 10-12 || total
-------------------------+-------+-------+-------+-------++-------
Melee: Hand axe          |    56 |   255 |   101 |       ||   412
       Headbutt          |     8 |    42 |    73 |    62 ||   185
       War axe           |       |       |   153 |       ||   153
       Broad axe         |       |       |   114 |   275 ||   389
Invok: Grow Ballistomyce |       |       |       |     1 ||     1
       Grow Oklob        |       |       |       |     1 ||     1
  Use: Scroll            |     1 |     2 |    13 |     5 ||    21
       Potion            |       |       |     1 |     4 ||     5
 Stab: Sleeping          |     2 |       |       |       ||     2
Armor: Robe              |     8 |       |       |       ||     8
       Plate armour      |    11 |   133 |   163 |   114 ||   421
       Skin              |       |     2 |    28 |       ||    30
Dodge: Dodged            |    29 |    70 |   135 |   100 ||   334
Block: Buckler           |       |       |    47 |    46 ||    93

Table legend: (Time is in decaauts)
 A = Elapsed time spent in this place.
 B = Non-inter-level travel time spent in this place.
 C = Inter-level travel time spent in this place.
 D = Time resting spent in this place.
 E = Time spent auto-exploring this place.
 F = Levels seen in this place.
 G = Mean time per level.
                   A        B        C        D        E       F      G
               +--------+--------+--------+--------+--------+-----+--------+
         Total |  13513 |  13078 |    435 |    384 |  10722 |  14 |  965.2 |
       Dungeon |  13047 |  12613 |    434 |    384 |  10319 |  12 | 1087.2 |
        Temple |      1 |      1 |      0 |      0 |      0 |   1 |    1.0 |
          Lair |    464 |    464 |      0 |      0 |    403 |   1 |  464.0 |
               +--------+--------+--------+--------+--------+-----+--------+

Top non-repeatable levels by time:
     D:4: 1944 daAuts
     D:8: 1590 daAuts
     D:3: 1343 daAuts
    D:10: 1311 daAuts
    D:11: 1145 daAuts
     D:2: 1138 daAuts
     D:5: 1104 daAuts
     D:9: 910 daAuts
     D:7: 885 daAuts
     D:1: 858 daAuts
     D:6: 804 daAuts
  Lair:1: 464 daAuts
    D:12: 11 daAuts
  Temple: 1 daAuts
